 Dungeon Crawl Stone Soup version 0.30-a0-996-ga6910c8ee8 (webtiles) character file.

Game seed: 3495304305614928237

350 PimpSugar the Magician (level 6, -1/44 HPs)
             Began as a Demonspawn Hedge Wizard on Apr 4, 2023.
             Was an Initiate of Vehumet.
             Succumbed to a gnoll sergeant's poison
             ... on level 5 of the Dungeon.
             The game lasted 00:11:06 (4239 turns).

PimpSugar the Magician (Demonspawn Hedge Wizard)    Turns: 4239, Time: 00:11:07

Health: -1/44      AC:  8    Str: 16    XL:     6   Next: 33%
Magic:  8/12       EV: 12    Int: 22    God:    Vehumet [......]
Gold:   168        SH:  0    Dex: 13    Spells: 7/13 levels left

rFire   . . .      SeeInvis .    q - +2 rapier of Infinite Pain {freeze, rC++ Int+5 Stlth-}
rCold   + + .      Faith    .    (no shield)
rNeg    . . .      Spirit   .    b - +0 robe
rPois   .          Reflect  .    C - +1 helmet
rElec   .          Rampage  .    (no cloak)
rCorr   .                        B - +1 pair of gloves
Will    .....                    (no boots)
Stlth   +                        z - amulet of the acrobat
HPRegen 0.27/turn                p - +6 ring of strength
MPRegen 0.13/turn                (no ring)

@: lethally poisoned (-1 -> -22)
A: icy blue scales 1, demonic touch 1
a: Renounce Religion


You were on level 5 of the Dungeon.
You worshipped Vehumet.
Vehumet was noncommittal.
You visited 2 branches of the dungeon, and saw 6 of its levels.

You collected 168 gold pieces.

Inventory:

Hand Weapons
 a - a +0 vampiric dagger
 e - a +0 dagger of flaming
 q - the +2 rapier of Infinite Pain (weapon) {freeze, rC++ Int+5 Stlth-}
   (You found it on level 2 of the Dungeon)

   Int:       It affects your intelligence (+5).
   rC:        It greatly protects you from cold.
   Stlth:     It makes you less stealthy.
Missiles
 f - 22 stones
 i - 13 poisoned darts
 A - 2 throwing nets
Armour
 b - a +0 robe (worn)
 c - a +0 hat
 B - a +1 pair of gloves (worn)
 C - a +1 helmet (worn)
Magical Staves
 x - a staff of conjuration
Jewellery
 p - a +6 ring of strength (left hand)
 z - an amulet of the acrobat (around neck)
Scrolls
 h - 2 scrolls of teleportation
Potions
 d - a potion of magic
 t - a potion of flight
 u - a potion of brilliance
 w - a potion of invisibility


   Skills:
 + Level 1.8 Fighting
 + Level 2.5 Dodging
 + Level 2.7 Stealth
 * Level 4.0 Spellcasting
 * Level 2.8 Conjurations
 + Level 1.5 Hexes
 + Level 2.0 Summonings
 + Level 1.9 Translocations


You had 7 spell levels left.
You knew the following spells:

 Your Spells              Type           Power      Damage    Failure   Level
a - Magic Dart            Conj           64%        1d6       3%          1
b - Call Imp              Summ           13%        N/A       8%          2
d - Slow                  Hex            44%        N/A       6%          1
e - Blink                 Tloc           26%        N/A       8%          2

Your spell library contained the following spells:

 Spells                   Type           Power      Damage    Failure   Level
 Cigotuvi's Dreadful Rot  Necr/Pois/Air  8%         N/A       17%         2
 Mephitic Cloud           Conj/Pois/Air  8%         N/A       22%         3
 Summon Forest            Summ/Tloc      6%         N/A       80%         5
 Eringya's Noxious Bog    Tmut/Pois      2%         N/A       100%        6
 Summon Hydra             Summ           6%         N/A       100%        7


Dungeon Overview and Level Annotations

Branches:
Dungeon (5/15)             Temple (1/1) D:4

Altars:
Kikubaaqudgha
Sif Muna
Vehumet
Wu Jian

Shops:
D:2 (

Annotations:
D:4 1 runed translucent door, ytrimaz's ghost, novice OgMo


Innate Abilities, Weirdness & Mutations

You are partially covered in icy blue scales. (AC +2)
Your touch may inflict minor irresistible damage on your foes.


Message History

You are poisoned.
You hit the gnoll sergeant. You freeze the gnoll sergeant.
You touch the gnoll sergeant!
The gnoll sergeant is heavily wounded.
You feel sick.
Your crimson imp hits the gnoll sergeant but does no damage.
The gnoll hits you with a +0 whip.
The gnoll hits you from afar with a +0 spear.
The gnoll sergeant hits your crimson imp with a +0 spear of venom.
Your crimson imp hits the gnoll sergeant.
You hit the gnoll sergeant but do no damage.
The gnoll sergeant is severely wounded.
You feel sick. The gnoll hits you with a +0 whip. The gnoll closely misses you.
The gnoll sergeant barely misses you.
Your crimson imp barely misses the gnoll sergeant.
The gnoll sergeant hits you with a +0 spear of venom.
* * * LOW HITPOINT WARNING * * *
You are more poisoned.
The gnoll misses you. The gnoll hits you with a +0 whip!
* * * LOW HITPOINT WARNING * * *
You feel better.
Your crimson imp barely misses the gnoll sergeant.
The gnoll hits you with a +0 whip.
* * * LOW HITPOINT WARNING * * *
The gnoll hits you but does no damage.
The gnoll sergeant hits you but does no damage.
You are poisoned.
You feel better.
Your crimson imp hits the gnoll sergeant but does no damage.
The gnoll hits you with a +0 whip.
* * * LOW HITPOINT WARNING * * *
The gnoll hits you from afar with a +0 spear.
* * * LOW HITPOINT WARNING * * *
The gnoll sergeant hits you with a +0 spear of venom!
* * * LOW HITPOINT WARNING * * *
You are lethally poisoned!
Unknown command.
As you read the scroll of immolation, it crumbles to dust.
The creatures around you are filled with an inner flame!
You die...

...........# ..........##
#.. ..........# #...
.......<.#### #....
............####### #.....
#.................####......
............................
#.#.#......)gg..............
...........5@.g....)........
#...#...###########......)..
........# ##........ #.#.#.
#...##... ...... #...# ## ..
#...# #...# ....# .....


You could see a gnoll sergeant (inner flame), 2 gnolls and a friendly crimson
imp (summoned, inner flame).

Vanquished Creatures
  3 scorpions
  2 gnolls
  2 adders (D:2)
  A white imp (D:5)
  3 worms (D:2)
  5 dart slugs
  4 orcs (D:3)
  9 endoplasms
  3 giant cockroaches
  10 goblins
  9 hobgoblins
  6 jackals
  2 quokkas
  7 ball pythons
  5 bats
  7 frilled lizards
  3 kobolds
81 creatures vanquished.

Vanquished Creatures (collateral kills)
  2 gnolls (D:5)
  A bat (D:1)
3 creatures vanquished.

Grand Total: 84 creatures vanquished

Notes
Turn   | Place    | Note
-------+----------+-------------------------------------------
     0 | D:1      | PimpSugar the Demonspawn Hedge Wizard began the quest for
                  | the Orb.
     0 | D:1      | Reached XP level 1. HP: 13/13 MP: 4/4
   148 | D:1      | Reached skill level 1 in Translocations
   159 | D:1      | Gained mutation: Your touch may inflict minor irresistible
                  | damage on your foes. [demonic ancestry]
   159 | D:1      | Reached XP level 2. HP: 2/19 MP: 4/6
   352 | D:1      | Learned a level 2 spell: Call Imp
   354 | D:1      | Learned a level 1 spell: Slow
   357 | D:1      | Learned a level 2 spell: Blink
   687 | D:1      | Gained mutation: You are partially covered in icy blue
                  | scales. (AC +2) [demonic ancestry]
   687 | D:1      | Reached XP level 3. HP: 25/25 MP: 5/7
  1594 | D:2      | Found Vareefob's Weapon Boutique.
  1617 | D:2      | Reached XP level 4. HP: 28/31 MP: 9/9
  1624 | D:2      | Reached skill level 1 in Fighting
  1824 | D:2      | Identified the +2 rapier of Infinite Pain {freeze, rC++
                  | Int+5 Stlth-}
  2311 | D:3      | Found an ornate altar of the Wu Jian Council.
  2340 | D:3      | Noticed a scorpion
  2349 | D:3      | Killed a scorpion
  2350 | D:3      | Reached skill level 1 in Hexes
  2350 | D:3      | Reached XP level 5. HP: 22/37 MP: 4/10
  2554 | D:3      | Found a shimmering blue altar of Sif Muna.
  3309 | D:4      | Found a staircase to the Ecumenical Temple.
  3450 | Temple   | Entered the Ecumenical Temple
  3459 | Temple   | Became a worshipper of Vehumet
  4001 | D:4      | Found a runed translucent door.
  4001 | D:4      | Noticed ytrimaz's ghost (novice OgMo)
  4058 | D:4      | Found an ancient bone altar of Kikubaaqudgha.
  4163 | D:5      | Entered Level 5 of the Dungeon
  4208 | D:5      | Reached XP level 6. HP: 39/44 MP: 8/11
  4231 | D:5      | Reached skill level 4 in Spellcasting
  4239 | D:5      | Succumbed to a gnoll sergeant's poison

Illustrated notes

Levels and vault maps discovered:
D:1:      ncdulo_lavacross, layout_basic
D:2:      layout_loops_cross, serial_shops, shop
D:3:      layout_loops_ring, nicolae_wu_jian_wuxing_cycle, marbit_many_paths,
          minmay_crystal_water, minmay_misc_feat_hallway
D:4:      layout_loops_corners, general_overflow_altar, temple_pool_b,
          gammafunk_ghost_grave
D:5:      layout_cave_pods, lemuel_zombie_altar_yredelemnul,
          hangedman_decor_lopped, dilly_guarded_unrand_morg, uniq_edmund
Temple:   hc_temple_tempest_star

Skill      XL: |  1  2  3  4  5  6 |
---------------+-------------------+-----
Translocations | 1 |  1.9
Dodging        | 2 |  2.5
Stealth        | 2 |  2.7
Fighting       | 1 |  1.8
Conjurations   | 2 |  2.8
Hexes          | 1 |  1.5
Summonings     | 2 |  2.0
Spellcasting   | 4 |  4.0

Action                     |  1- 3 |  4- 6 || total
---------------------------+-------+-------++-------
  Melee: Dagger            |    82 |    24 ||   106
         Touch             |    13 |    11 ||    24
         Rapier            |       |    98 ||    98
         Punch             |       |     2 ||     2
   Cast: Magic Dart        |    10 |     2 ||    12
         Call Imp          |     2 |     6 ||     8
    Use: Scroll            |     2 |    13 ||    15
         Potion            |       |     3 ||     3
   Stab: Sleeping          |     2 |     2 ||     4
         Distracted        |       |     1 ||     1
 Armour: Robe              |    32 |    43 ||    75
  Dodge: Dodged            |    57 |    91 ||   148

Table legend: (Time is in decaauts)
 A = Elapsed time spent in this place.
 B = Non-inter-level travel time spent in this place.
 C = Inter-level travel time spent in this place.
 D = Time resting spent in this place.
 E = Time spent auto-exploring this place.
 F = Levels seen in this place.
 G = Mean time per level.
                   A        B        C        D        E       F      G
               +--------+--------+--------+--------+--------+-----+--------+
         Total |   4265 |   3908 |    357 |     88 |   2629 |   6 |  710.8 |
       Dungeon |   4247 |   3904 |    343 |     88 |   2629 |   5 |  849.4 |
        Temple |     18 |      4 |     14 |      0 |      0 |   1 |   18.0 |
               +--------+--------+--------+--------+--------+-----+--------+

Top non-repeatable levels by time:
     D:1: 1330 daAuts
     D:3: 991 daAuts
     D:4: 987 daAuts
     D:2: 860 daAuts
     D:5: 77 daAuts
  Temple: 18 daAuts
